 Dungeon Crawl Stone Soup version 0.30-a0-847-g17996783a1 (webtiles) character file.

Game seed: 10798140875973200309

17502 Firecrotchwizard the Grappler (level 12, -1/113 HPs)
             Began as a Ghoul Monk on Feb 27, 2023.
             Was a High Priest of Okawaru.
             Slain by a skeletal warrior
             ... wielding a +1 heavy flail
              (12 damage)
             ... on level 11 of the Dungeon on Mar 4, 2023.
             The game lasted 00:27:56 (12197 turns).

Firecrotchwizard the Grappler (Ghoul Monk)         Turns: 12197, Time: 00:27:56

Health: -1/113     AC: 23    Str: 20    XL:     12   Next: 48%
Magic:  1/16       EV: 17    Int:  5    God:    Okawaru [*****.]
Gold:   1250       SH:  0    Dex: 17    Spells: 11/11 levels left

rFire   . . .      SeeInvis .      - Unarmed
rCold   + . .      Faith    .    (no shield)
rNeg    + + +      Spirit   .    b - +0 chain mail
rPois   ∞          Reflect  .    A - +2 helmet
rElec   .          Rampage  .    (no cloak)
rCorr   .                        H - +1 pair of gloves {infuse}
Will    .....                    h - +1 pair of boots
Stlth   +                        x - amulet of the Country {Acrobat +Inv}
HPRegen 0.00/turn                l - +6 ring of dexterity
MPRegen 0.15/turn                E - +5 ring of evasion

@: heroic, inhibited regen, studying Armour
A: claws 1, cold resistance 1, negative energy resistance 3, inhibited
regeneration, torment resistance 2, devour on kill
a: Renounce Religion, Evoke Invisibility, Heroism, Finesse, Duel


You were on level 11 of the Dungeon.
You worshipped Okawaru.
Okawaru was extremely pleased with you.
You visited 2 branches of the dungeon, and saw 12 of its levels.

You collected 1250 gold pieces.

Inventory:

Missiles
 q - 11 boomerangs
 r - 6 silver boomerangs
 s - 113 stones (quivered)
 t - 2 atropa-tipped darts
 u - 41 poisoned darts
 I - 5 javelins
Armour
 b - a +0 chain mail (worn)
   (You found it on level 3 of the Dungeon)
 h - a +1 pair of boots (worn)
   (You found it on level 3 of the Dungeon)
 n - a +0 plate armour
   (You took it off an orc warrior on level 10 of the Dungeon)
 A - a +2 helmet (worn)
   (You took it off Robin on level 2 of the Dungeon)
 H - a +1 pair of gloves of infusion (worn)
   (Okawaru gifted it to you on level 8 of the Dungeon)
Jewellery
 a - a ring of resist corrosion
   (You found it on level 10 of the Dungeon)
 l - a +6 ring of dexterity (left hand)
   (You found it on level 2 of the Dungeon)
 x - the amulet of the Country (around neck) {Acrobat +Inv}
   (You found it on level 5 of the Dungeon)

   [amulet of the acrobat]

   It increases your evasion while moving and waiting.
   +Inv:      It lets you turn invisible.
 E - a +5 ring of evasion (right hand)
   (You found it on level 9 of the Dungeon)
Wands
 d - a wand of digging (2)
   (You found it on level 9 of the Dungeon)
 i - a wand of iceblast (2)
   (You found it on level 3 of the Dungeon)
 j - a wand of polymorph (29)
   (You found it on level 7 of the Dungeon)
 p - a wand of paralysis (4)
   (You found it on level 7 of the Dungeon)
Scrolls
 e - a scroll of amnesia
 v - a scroll of brand weapon
 w - a scroll of enchant weapon
 y - a scroll of poison
 C - 2 scrolls of fog
 D - 2 scrolls of blinking {!r}
 V - 2 scrolls of vulnerability {!r!r}
 X - 3 scrolls of magic mapping {@r4!r}
 Y - 3 scrolls of teleportation {@r3}
Potions
 g - 4 potions of attraction {!q}
 o - a potion of mutation {unknown}
 z - 3 potions of cancellation
 B - 2 potions of brilliance
 G - 3 potions of ambrosia {!q}
 J - 9 potions of curing {@q1}
 K - a potion of berserk rage {unknown}
 L - a potion of degeneration {unknown}
 M - 3 potions of might
 N - 2 potions of heal wounds {@q2}
 O - 2 potions of invisibility {unknown}
 R - 3 potions of resistance


   Skills:
 + Level 12.4(17.4) Fighting
 * Level 12.3(17.3) Armour
 - Level 2.6(7.6) Dodging
 - Level 2.1(7.1) Stealth
 - Level 13.8(18.8) Unarmed Combat
 + Level 7.3 Invocations


You had 11 spell levels left.
You didn't know any spells.
Your spell library contained the following spells:

 Spells                   Type           Power      Damage    Failure   Level
 Borgnjor's Vile Clutch   Necr/Erth      0%         N/A       100%        5
 Animate Dead             Necr           Unusable   N/A       N/A         4
 Death Channel            Necr           Unusable   N/A       N/A         6

Dungeon Overview and Level Annotations

Branches:
Dungeon (11/15)            Temple (1/1) D:5            Lair (0/5) D:8
    Orc (0/2) D:10

Altars:
Ashenzari
Cheibriados
Dithmenos
Fedhas
Gozag
Hepliaklqana
Nemelex Xobeh
Okawaru
Qazlal
Ru
Sif Muna
Trog
Vehumet
Wu Jian
Xom
Yredelemnul

Shops:
D:5 ?

Annotations:
D:4 Dowan, Duvessa, Sigmund
D:8 1 runed translucent door, exclusion: oklob sapling, Psyche; joebusybody's ghost, novice MiFi
D:10 exclusion: electric eel


Innate Abilities, Weirdness & Mutations

You are immune to poison.
You have sharp fingernails.
Your flesh is cold resistant. (rC+)
You are immune to negative energy. (rN+++)
You do not regenerate when monsters are visible.
You are immune to unholy pain and torment.
You thrive by killing the living.


Message History

The manticore bites you but does no damage.
The manticore barely misses you. The manticore misses you.
You regained 9 hp, and now have 111/113 hp.
You now have 13/16 mp.
You enter the shallow water.
Moving in this stuff is going to be slow.
The manticore completely misses you. x2; The manticore claws you.
You see here an electric eel corpse.
You take 3 damage, and have 108/113 hp.
You barely miss the manticore.
You punch the manticore, but do no damage.
You closely miss the manticore. Your punch misses the manticore.
The manticore barely misses you.
The manticore claws you but does no damage.
The manticore claws you!
You take 8 damage, and have 100/113 hp.
You hit the manticore.
The manticore bites you but does no damage.
The manticore claws you. The manticore closely misses you.
You take 6 damage, and have 94/113 hp.
You now have 13/16 mp.
Your unstable footing causes you to fumble your attack.
The manticore bites you!
The manticore claws you but does no damage. x2
You take 10 damage, and have 84/113 hp.
The manticore misses you. The manticore completely misses you. x2
You hit the manticore.
The manticore bites you but does no damage.
The manticore claws you but does no damage.
The manticore closely misses you.
You now have 12/16 mp.
You hit the manticore. The manticore misses you.
The manticore closely misses you.
The manticore claws you but does no damage.
You now have 11/16 mp.
You pummel the manticore!! You punch the manticore!
You now have 10/16 mp.
You pummel the manticore!!
You kill the manticore!
Okawaru accepts your kill.
You enter the shallow water.
Moving in this stuff is going to be slow.
You see here a manticore corpse.
The skeletal warrior attacks as you move away!
The skeletal warrior completely misses you.
You see here a scroll of noise {!r}.
The skeletal warrior throws a stone.
The stone completely misses you.
The skeletal warrior throws a stone.
The stone misses you.
You punch the skeletal warrior! Your punch misses the skeletal warrior.
You now have 11/16 mp.
You punch the skeletal warrior!
The skeletal warrior closely misses you.
You now have 10/16 mp.
You barely miss the skeletal warrior.
The skeletal warrior hits you with a +0 mace!
You take 10 damage, and have 74/113 hp.
You punch the skeletal warrior!
The skeletal warrior hits you with a +0 mace!
You take 9 damage, and have 65/113 hp.
You punch the skeletal warrior!
The skeletal warrior hits you with a +0 mace.
You take 2 damage, and have 63/113 hp.
You now have 9/16 mp.
You hit the skeletal warrior.
You now have 8/16 mp.
You completely miss the skeletal warrior.
The skeletal warrior completely misses you.
You barely miss the skeletal warrior.
The skeletal warrior hits you but does no damage.
You punch the skeletal warrior!
You destroy the skeletal warrior!
Okawaru is honoured by your kill. Okawaru grants you a weapon!
Something appears at your feet!
You see here a +0 longbow of flaming.
You now have 7/16 mp.
You pummel the skeletal warrior!!
You now have 6/16 mp.
You punch the skeletal warrior!
The skeletal warrior hits you with a +1 heavy flail.
You take 6 damage, and have 57/113 hp.
You now have 5/16 mp.
You closely miss the skeletal warrior. You barely miss the skeletal warrior.
The skeletal warrior hits you with a +1 heavy flail!
You take 17 damage, and have 40/113 hp.
You punch the skeletal warrior!
You now have 5/16 mp.
You barely miss the skeletal warrior.
You punch the skeletal warrior, but do no damage.
The skeletal warrior hits you with a +1 heavy flail!!
* * * LOW HITPOINT WARNING * * *
You take 21 damage, and have 19/113 hp.
You punch the skeletal warrior!
You now have 4/16 mp.
You closely miss the skeletal warrior.
The skeletal warrior hits you with a +1 heavy flail!
* * * LOW HITPOINT WARNING * * *
You take 8 damage, and have 11/113 hp.
You hit the skeletal warrior but do no damage.
You now have 3/16 mp.
You gain the combat prowess of a mighty hero.
The skeletal warrior hits you with a +1 heavy flail!
You die...

♣♣♣♣♣♣♣♣## ♣♣~PPP~~~~# P≈≈≈≈≈≈
~♣P~~~~†~~~♣### ♣~≈≈≈≈≈≈≈≈~
♣~~~P~†..~....####♣~≈≈≈≈≈≈≈~P~
~~.~...........z@.♣~~~≈≈≈≈≈~~P♣
........?......##.#PP~P≈~~PP~P#
..~.....$..~~♣♣~#.#~P~~~~~~~P~#
♣.P~.P♣~~~~~~~~~~..P~P~P~~~~~~#
~~~~~~P~~~≈~~~~~~~.P~~~~P~~~~P#
.~~~~~~≈≈≈~≈~~P~♣#.~~~P~P.~P~~#
.#♣~~~≈≈≈~~~~♣~♣#..P~~....~~.~###
. ♣~P~~~≈~~♣♣♣###...............#
~~~P♣P~♣## #...............#


You could see a skeletal warrior.

Vanquished Creatures
  A hydra (D:11)
  2 two-headed ogres
  2 skeletal warriors (D:11)
  Pikel (D:5)
  2 ugly things
  A manticore (D:11)
  An elephant (D:8)
  A cyclops (D:9)
  A slime creature (D:11)
  4 centaur zombies (D:7)
  An unseen horror (D:11)
  Maggie (D:6)
  A komodo dragon (D:10)
  4 trolls
  2 hellwings (D:7)
  A vampire (D:10)
  8 yaks
  2 shadows (D:10)
  2 wyverns
  A wraith (D:11)
  A basilisk (D:8)
  A steam dragon (D:6)
  4 vampire mosquitoes
  An acid dragon (D:10)
  A water moccasin (D:8)
  5 orc warriors
  4 ogres (D:10)
  An ice beast (D:6)
  A sky beast (D:8)
  A black bear (D:8)
  2 wolves (D:8)
  2 centaurs (D:10)
  3 lemures (D:5)
  5 kobold brigands
  3 necrophages
  2 bullfrogs (D:7)
  3 gnoll sergeants
  12 wights
  23 killer bees
  8 electric eels
  3 hounds
  8 orc priests
  2 gnoll boudas
  4 jellies
  2 boggart zombies (D:7)
  An iguana (D:7)
  7 orc wizards
  A boggart skeleton (D:7)
  Robin (D:2)
  12 adders
  22 gnolls
  4 shadow imps (D:7)
  3 white imps
  An ufetubus (D:5)
  4 worms
  4 dart slugs
  28 orcs
  10 ball pythons
  4 endoplasms
  5 giant cockroaches
  15 goblins
  10 hobgoblins
  7 jackals
  18 kobolds
  5 quokkas
  6 bats
  A frilled lizard (D:3)
  7 rats
317 creatures vanquished.

Vanquished Creatures (others)
  An orc wizard (D:7)
  19 plants
  5 withered plants (D:7)
25 creatures vanquished.

Grand Total: 342 creatures vanquished

Notes
Turn   | Place    | Note
-------+----------+-------------------------------------------
     0 | D:1      | Firecrotchwizard the Ghoul Monk began the quest for the
                  | Orb.
     0 | D:1      | Reached XP level 1. HP: 19/19 MP: 0/0
   242 | D:1      | Reached XP level 2. HP: 26/26 MP: 1/1
   303 | D:1      | Reached skill level 4 in Unarmed Combat
   564 | D:1      | Reached XP level 3. HP: 33/33 MP: 2/2
   868 | D:2      | Reached skill level 4 in Fighting
   990 | D:2      | Noticed Robin
   998 | D:2      | Reached XP level 4. HP: 34/40 MP: 3/3
  1010 | D:2      | Killed Robin
  1074 | D:2      | Reached skill level 5 in Unarmed Combat
  1075 | D:2      | HP: 10/40 [hobgoblin (4)]
  1084 | D:2      | HP: 10/40 [goblin/+0 dagger[Robin] (2)]
  1351 | D:2      | Reached XP level 5. HP: 41/47 MP: 4/4
  1985 | D:3      | Found a large runed translucent door.
  1985 | D:3      | Found a large runed translucent door.
  2767 | D:3      | Found a sparkling altar of Nemelex Xobeh.
  2770 | D:3      | Found a basalt altar of Yredelemnul.
  2882 | D:4      | Reached skill level 6 in Unarmed Combat
  2929 | D:4      | Reached skill level 5 in Fighting
  2929 | D:4      | Reached XP level 6. HP: 51/56 MP: 5/5
  2978 | D:4      | Noticed Sigmund
  3278 | D:4      | Noticed Dowan
  3280 | D:4      | Noticed Duvessa
  3287 | D:5      | Entered Level 5 of the Dungeon
  3490 | D:5      | Found a sacrificial altar of Ru.
  3552 | D:5      | Found a staircase to the Ecumenical Temple.
  3576 | D:5      | Reached skill level 7 in Unarmed Combat
  3586 | D:5      | Reached XP level 7. HP: 54/61 MP: 6/6
  3649 | Temple   | Entered the Ecumenical Temple
  3657 | Temple   | Became a worshipper of Warmaster Okawaru
  3657 | Temple   | Reached * piety under Okawaru
  3657 | Temple   | Reached ** piety under Okawaru
  3974 | D:5      | Identified the amulet of the Country {Acrobat +Inv}
  4241 | D:5      | Noticed Pikel
  4262 | D:5      | Killed Pikel
  4263 | D:5      | Reached skill level 6 in Fighting
  4263 | D:5      | Reached skill level 9 in Unarmed Combat
  4263 | D:5      | Reached XP level 8. HP: 33/71 MP: 4/7
  4390 | D:5      | Identified the +8 trident "Garedid" {vamp, rElec rF++ rCorr
                  | Int-4}
  4400 | D:5      | Found The Oracle's Delphic Readings.
  4586 | D:6      | Reached skill level 7 in Fighting
  4777 | D:6      | Reached skill level 10 in Unarmed Combat
  4978 | D:6      | Reached *** piety under Okawaru
  4979 | D:6      | Reached XP level 9. HP: 44/81 MP: 8/8
  5124 | D:6      | Noticed Maggie
  5134 | D:6      | Killed Maggie
  5135 | D:6      | Reached skill level 8 in Fighting
  5135 | D:6      | Reached skill level 11 in Unarmed Combat
  5229 | D:6      | Noticed a two-headed ogre
  5431 | D:7      | Reached **** piety under Okawaru
  5432 | D:7      | Reached skill level 12 in Unarmed Combat
  5443 | D:7      | Reached skill level 9 in Fighting
  5508 | D:7      | Noticed a hellwing
  5508 | D:7      | Noticed a hellwing
  5538 | D:7      | Killed a hellwing
  5539 | D:7      | Reached XP level 10. HP: 59/91 MP: 6/9
  5618 | D:7      | Reached skill level 13 in Unarmed Combat
  5888 | D:7      | Reached ***** piety under Okawaru
  6336 | D:8      | Identified a scroll of acquirement
  6336 | D:8      | Acquired 730 gold pieces
  6459 | D:7      | Reached skill level 10 in Fighting
  6535 | D:8      | Found an opulent altar of Gozag.
  6602 | D:8      | Received a gift from Okawaru
  6681 | D:8      | Noticed an elephant
  6695 | D:8      | Killed an elephant
  6696 | D:8      | Reached skill level 2 in Armour
  6696 | D:8      | Reached skill level 1 in Invocations
  6704 | D:8      | Reached skill level 3 in Armour
  6722 | D:8      | Found a staircase to the Lair.
  6790 | D:8      | Found a runed translucent door.
  6790 | D:8      | Noticed joebusybody's ghost (novice MiFi)
  6809 | D:8      | Reached skill level 2 in Invocations
  6819 | D:8      | Reached skill level 4 in Armour
  6972 | D:8      | Found a hazy altar of Hepliaklqana.
  7628 | D:8      | Noticed Psyche
  7729 | D:8      | Reached skill level 5 in Armour
  7907 | D:9      | Found a stormy altar of Qazlal.
  7909 | D:9      | Noticed a cyclops
  7920 | D:9      | Killed a cyclops
  7921 | D:9      | Reached skill level 3 in Invocations
  7921 | D:9      | Reached XP level 11. HP: 72/101 MP: 9/12
  8053 | D:9      | Found a broken altar of Ashenzari.
  8069 | D:9      | Reached skill level 6 in Armour
  8882 | D:9      | Reached skill level 11 in Fighting
  8882 | D:9      | Reached skill level 7 in Armour
  8882 | D:9      | Reached skill level 4 in Invocations
  8997 | D:10     | Entered Level 10 of the Dungeon
  9125 | D:10     | Found a staircase to the Orcish Mines.
  9389 | D:10     | Upgraded the game from 0.30-a0-824-g6c64550be9 to
                  | 0.30-a0-847-g17996783a1
  9432 | D:10     | Noticed a two-headed ogre
  9441 | D:10     | Killed a two-headed ogre
  9442 | D:10     | Reached skill level 8 in Armour
  9961 | D:10     | Reached skill level 5 in Invocations
 10027 | D:10     | Noticed a green ugly thing
 10116 | D:10     | Reached skill level 9 in Armour
 10188 | D:10     | Killed a green ugly thing
 10192 | D:10     | Identified the +1 robe of Zyof {rN+ Int-3 Dex+3 Stlth+}
                  | (Okawaru gifted it to you on level 10 of the Dungeon)
 10192 | D:10     | Received a gift from Okawaru
 10340 | D:10     | Found a snail-covered altar of Cheibriados.
 10645 | D:11     | Noticed an eight-headed hydra
 10657 | D:11     | Killed an eight-headed hydra
 10658 | D:11     | Reached skill level 10 in Armour
 10733 | D:11     | Reached skill level 6 in Invocations
 10803 | D:11     | Noticed a two-headed ogre
 10803 | D:11     | Noticed a white ugly thing
 10820 | D:11     | Killed a two-headed ogre
 10821 | D:11     | Reached XP level 12. HP: 112/112 MP: 9/15
 10979 | D:11     | Reached skill level 12 in Fighting
 11309 | D:11     | Reached skill level 11 in Armour
 11680 | D:11     | Reached skill level 7 in Invocations
 11684 | D:11     | Reached skill level 12 in Armour
 12187 | D:11     | Received a gift from Okawaru
 12193 | D:11     | HP: 19/113 [skeletal warrior/+1 heavy flail (21)]
 12197 | D:11     | Slain by a skeletal warrior

Illustrated notes

Levels and vault maps discovered:
D:1:      dpeg_arrival_three_smaller_balls, layout_loops_ring
D:2:      layout_loops_ring, minmay_3d_cube, uniq_robin
D:3:      layout_loops_ring, jmf_multi_god_temple2, minmay_crystal_water,
          guppyfry_early_lair_pool
D:4:      cheibrodos_pilgrimage, layout_basic, minmay_manual_mandibuliform,
          uniq_sigmund, uniq_duvessa
D:5:      layout_basic, lemuel_tele_altar, minmay_temple_entry_sparse_star,
          chequers_decorated_corner, minmay_misc_feat_enclosed,
          nicolae_nh_oracle_at_delphi, uniq_pikel
D:6:      nicolae_cairo_tiling_very_big, layout_cave_pods, minmay_microvault,
          uniq_maggie
D:7:      cheibrodos_grave_circle, layout_gridville
D:8:      layout_basic, nicolae_overflow_crystal_walls,
          mainiacjoe_overflow_boulevard, david_lair_generic,
          hellmonk_ghost_big_iron, serial_ice, serial_ice_k, serial_ice_c,
          serial_ice_e, serial_ice_a, introduction_to_nature_2, uniq_psyche
D:9:      layout_loops_ring, nicolae_zen_rock_garden, hangedman_feature_mirror
D:10:     minmay_clustersquares, layout_basic, mainiacjoe_overflow_paths,
          kennysheep_orc_monster_closet_entryway
D:11:     layout_roguey, serial_bayou, serial_bayou_ford_a, serial_bayou_pond_c,
          serial_bayou_crossing, serial_bayou_pond_b, serial_bayou_shore_a,
          nicolae_elyvilon_temple_path
Temple:   compressed_dpeg_triangle_lava_temple

Skill      XL: |  1  2  3  4  5  6  7  8  9 10 11 12 |
---------------+-------------------------------------+-----
Unarmed Combat | 4 5 6 7 9 10 12 13 | 13.8
Fighting       | 4 5 6 7 9 10 11 12 | 12.4
Armour         | 5 10 12 | 12.3
Invocations    | 3 6 7 |  7.3
Dodging        | |  2.6
Stealth        | |  2.1

Action                     |  1- 3 |  4- 6 |  7- 9 | 10-12 || total
---------------------------+-------+-------+-------+-------++-------
  Melee: Unarmed           |    96 |   206 |   202 |   616 ||  1120
         Punch             |     1 |     4 |    21 |    59 ||    85
 Invoke: Heroism           |       |       |     3 |     7 ||    10
  Evoke: Wand              |       |       |       |     2 ||     2
    Use: Scroll            |       |     9 |     4 |    11 ||    24
   Stab: Sleeping          |     5 |     1 |       |       ||     6
         Distracted        |       |       |     1 |     1 ||     2
 Armour: Robe              |    20 |     8 |       |       ||    28
         Chain mail        |       |    58 |   124 |   244 ||   426
  Dodge: Dodged            |    60 |    84 |    59 |   374 ||   577

Table legend: (Time is in decaauts)
 A = Elapsed time spent in this place.
 B = Non-inter-level travel time spent in this place.
 C = Inter-level travel time spent in this place.
 D = Time resting spent in this place.
 E = Time spent auto-exploring this place.
 F = Levels seen in this place.
 G = Mean time per level.
                   A        B        C        D        E       F      G
               +--------+--------+--------+--------+--------+-----+--------+
         Total |  12013 |  11631 |    382 |   1057 |   8135 |  12 | 1001.1 |
       Dungeon |  11997 |  11630 |    367 |   1057 |   8135 |  11 | 1090.6 |
        Temple |     16 |      1 |     15 |      0 |      0 |   1 |   16.0 |
               +--------+--------+--------+--------+--------+-----+--------+

Top non-repeatable levels by time:
    D:10: 1784 daAuts
     D:8: 1462 daAuts
    D:11: 1361 daAuts
     D:5: 1259 daAuts
     D:7: 1156 daAuts
     D:3: 1084 daAuts
     D:9: 1065 daAuts
     D:2: 1020 daAuts
     D:1: 758 daAuts
     D:6: 641 daAuts
     D:4: 403 daAuts
  Temple: 16 daAuts

Table legend:
 A = Kills in this place as a percentage of kills in the entire game.
 B = Kills by you in this place as a percentage of kills by you in the entire game.
 C = Kills by friends in this place as a percentage of kills by friends in the entire game.
 D = Other kills in this place as a percentage of other kills in the entire game.
 E = Experience gained in this place as a percentage of experience gained in the entire game.
 F = Experience gained in this place divided by the number of levels of this place that you have seen.
                   A       B       C       D       E      F
               +-------+-------+-------+-------+-------+----------------------
         Total | 100.0 | 100.0 |   N/A | 100.0 | 100.0 | 2083.6
       Dungeon | 100.0 | 100.0 |   N/A | 100.0 | 100.0 | 2273.0
               +-------+-------+-------+-------+-------+----------------------
